Map: Eternal Empire LE

Players

Has

  • Race: Protoss Protoss
  • Spawn Location: 1:00

Nice - Winner!

  • Race: Protoss Protoss
  • Spawn Location: 7:00

Event: DreamHack SC2 Masters 2020 Fall

VOD

Have the link to the VOD?

Description

Time

  • Played on: Aug. 30, 2020, 10:02 a.m.
  • Length: 10:14

All games in this series

Show
View Real Time Build Order
Export as new Build Order

Has Protoss 

Build Orders: Nexus First, Blink Stalkers 

Get SALT Encoding   

  12  0:00  Probe  
  13  0:12  Probe  
  14  0:19  Pylon  
  14  0:24  Probe  
  15  0:37  Probe (Chrono Boost)  
  16  0:47  Probe (Chrono Boost)  
  17  0:57  Nexus  
  17  1:09  Gateway  
  17  1:11  Probe  
  18  1:16  Assimilator  
  18  1:23  Probe  
  18  1:25  Assimilator  
  19  1:35  Probe  
  19  1:37  Gateway  
  20  1:47  Probe  
  21  1:57  Cybernetics Core  
  21  1:59  Probe (Chrono Boost)  
  22  2:04  Pylon  
  22  2:11  Probe (Chrono Boost)  
  22  2:14  Probe (Chrono Boost)  
  24  2:21  Probe (Chrono Boost)  
  24  2:22  Probe (Chrono Boost)  
  26  2:26  Probe (Chrono Boost)  
  28  2:31  Warp Gate  
  28  2:33  Stalker  
  28  2:34  Stalker  
  31  2:39  Probe  
  31  2:41  Probe  
  33  2:51  Twilight Council  
  33  2:52  Probe  
  33  2:56  Probe  
  36  3:06  Shield Battery  
  36  3:08  Probe  
  36  3:11  Stalker  
  39  3:15  Shield Battery  
  39  3:16  Probe (Chrono Boost)  
  39  3:22  Stalker  
  42  3:29  Probe x2 (Chrono Boost)  
  42  3:32  Pylon  
  43  3:36  Probe (Chrono Boost)  
  43  3:38  Probe (Chrono Boost)  
  43  3:41  Blink (Chrono Boost)  
  44  3:45  Probe  
  42  3:49  Probe  
  43  3:57  Probe  
  43  4:01  Probe  
  45  4:06  Pylon  
  45  4:10  Forge, Probe, Pylon  
  45  4:13  Probe  
  47  4:20  Stalker  
  47  4:21  Stalker  
  47  4:22  Probe  
  52  4:25  Assimilator  
  52  4:31  Pylon  
  52  4:34  Gateway  
  50  4:38  Probe  
  50  4:45  Protoss Ground Weapons Level 1 (Chrono Boost), Gateway  
  50  4:50  Probe  
  51  4:54  Gateway, Stalker  
  51  4:58  Probe  
  54  5:02  Stalker  
  54  5:03  Probe  
  57  5:07  Robotics Facility  
  57  5:10  Probe  
  57  5:13  Assimilator  
  58  5:17  Probe (Chrono Boost)  
  58  5:22  Probe (Chrono Boost)  
  58  5:27  Stalker x2  
  62  5:33  Probe x2 (Chrono Boost)  
  62  5:35  Stalker  
  65  5:41  Pylon  
  65  5:45  Nexus  
  65  5:47  Probe  
  68  5:57  Observer  
  68  5:58  Charge  
  68  6:01  Stalker x2  
  68  6:02  Probe  
  72  6:06  Stalker  
  74  6:13  Pylon  
  74  6:18  Warp Prism  
  76  6:27  Stalker  
  76  6:31  Stalker x2  
  82  6:36  Shield Battery  
  84  6:42  Protoss Ground Weapons Level 2 (Chrono Boost)  
  84  6:46  Pylon  
  82  6:49  Gateway  
  82  6:52  Probe x2  
  84  7:01  Observer (Chrono Boost)  
  84  7:05  Robotics Bay  
  84  7:07  Stargate  
  84  7:09  Stalker  
  84  7:10  Stalker  
  84  7:15  Probe x2  
  90  7:22  Probe  
  91  7:27  Probe x2  
  91  7:34  Probe (Chrono Boost)  
  90  7:43  Probe x2 (Chrono Boost), Photon Cannon  
  92  7:44  Shield Battery  
  92  7:45  Stalker x2  
  92  7:46  Probe (Chrono Boost)  
  97  7:54  Probe x2 (Chrono Boost)  
  97  7:55  Zealot x2, Probe (Chrono Boost)  
  104  7:58  Disruptor (Chrono Boost)  
  104  8:03  Shield Battery, Probe  
  104  8:05  Shield Battery  
  108  8:06  Pylon  
  108  8:12  Probe  
  109  8:17  Pylon  
  109  8:21  Pylon  
  109  8:24  Probe x2  
  109  8:25  Stalker x3  
  117  8:30  Disruptor (Chrono Boost)  
  113  8:48  Zealot x4  
  117  8:59  Disruptor  
  98  9:11  Zealot x4  
  98  9:13  Probe x2  
  98  9:16  Probe  
  73  9:25  Probe  
  73  9:26  Probe  
  73  9:28  Probe  
  51  9:38  Probe x2  
Show
View Real Time Build Order
Export as new Build Order

Nice Protoss - Winner!

Build Orders: 1 Gate Expand, Oracle Opening 

Get SALT Encoding   

  12  0:00  Probe  
  13  0:12  Probe  
  14  0:19  Pylon  
  14  0:24  Probe  
  15  0:37  Probe (Chrono Boost)  
  15  0:38  Gateway  
  16  0:48  Assimilator, Probe (Chrono Boost)  
  17  0:53  Probe (Chrono Boost)  
  18  1:03  Probe  
  19  1:15  Probe  
  20  1:24  Nexus  
  20  1:36  Probe  
  20  1:38  Cybernetics Core  
  21  1:43  Assimilator  
  21  1:48  Probe  
  22  1:59  Pylon  
  22  2:01  Probe  
  23  2:12  Pylon  
  23  2:17  Probe  
  23  2:18  Stargate  
  23  2:21  Adept (Chrono Boost)  
  24  2:29  Probe  
  27  2:32  Warp Gate  
  27  2:38  Probe  
  27  2:41  Probe  
  29  2:45  Adept (Chrono Boost)  
  29  2:50  Probe  
  32  2:53  Probe  
  33  3:00  Oracle (Chrono Boost)  
  33  3:02  Probe  
  37  3:08  Adept  
  37  3:10  Probe  
  40  3:14  Probe  
  41  3:22  Probe  
  41  3:27  Probe  
  43  3:29  Pylon  
  43  3:34  Probe  
  43  3:35  Oracle (Chrono Boost)  
  43  3:39  Probe  
  48  3:46  Probe (Chrono Boost)  
  49  3:51  Probe (Chrono Boost)  
  50  3:59  Twilight Council  
  52  4:03  Probe (Chrono Boost)  
  52  4:04  Probe (Chrono Boost)  
  52  4:05  Assimilator  
  52  4:08  Assimilator  
  52  4:09  Probe (Chrono Boost)  
  53  4:11  Probe (Chrono Boost)  
  53  4:14  Pylon  
  53  4:15  Robotics Facility  
  54  4:17  Probe  
  54  4:22  Pylon  
  54  4:23  Probe  
  56  4:29  Probe  
  57  4:33  Blink (Chrono Boost)  
  58  4:43  Forge  
  58  4:45  Gateway  
  57  4:48  Gateway  
  57  4:51  Sentry  
  59  4:55  Gateway  
  59  4:57  Gateway  
  59  5:00  Gateway  
  59  5:02  Pylon  
  59  5:06  Observer  
  58  5:07  Pylon  
  58  5:16  Sentry  
  58  5:19  Pylon  
  60  5:27  Immortal  
  60  5:30  Protoss Ground Weapons Level 1 (Chrono Boost)  
  60  5:31  Shield Battery  
  60  5:39  Stalker x2  
  60  5:42  Stalker  
  66  5:51  Stalker x2  
  70  5:59  Nexus  
  70  6:06  Shield Battery  
  70  6:08  Immortal  
  74  6:18  Photon Cannon  
  74  6:19  Sentry x2  
  74  6:21  Stalker  
  74  6:25  Probe x2  
  82  6:29  Stalker  
  82  6:30  Observer  
  84  6:33  Pylon  
  84  6:35  Stalker  
  86  6:43  Probe x2  
  86  6:46  Charge  
  88  6:47  Pylon  
  88  6:54  Immortal (Chrono Boost)  
  92  6:57  Probe  
  92  6:58  Probe  
  94  7:04  Gateway  
  94  7:07  Gateway  
  94  7:19  Stalker x3  
  100  7:29  Warp Prism (Chrono Boost)  
  100  7:34  Observer  
  102  7:38  Stalker  
  102  7:39  Stalker x2  
  102  7:41  Pylon  
  108  7:51  Zealot x3  
  114  7:53  Pylon  
  114  7:55  Pylon  
  114  8:06  Zealot x4  
  122  8:24  Zealot x5  
  122  8:25  Templar Archives  
  120  8:45  Stalker x3  
  120  8:46  Stalker x2  
  116  8:52  Stalker x2  
  118  8:56  Stalker  
  107  9:12  Stalker x4  
  111  9:17  Zealot  
  105  9:28  Warp Prism  

Tags
 
Add a new tag
Caveats
  • Supply blocks, unpowered buildings, or Contaminate may cause inaccurate times.
  • Supply counts are checked every 10 seconds.